TOP OF THE 1ST |
Boston Rebels batting - Pitching for Irvine Gang Green : RHP Armando Pérez
|
Pitching: RHP Armando Pérez
|
|
Batting: LHB Bill Wilson
|
0-0: Ball 1-0: Called Strike 1-1: Ball 2-1: SINGLE (Line Drive, 3D)
|
Batting: LHB Lorenzo Flores
|
0-0: Ball 1-0: Ball 2-0: Ball 3-0: Base on Balls Bill Wilson to second
|
Batting: LHB Stanley Mullins
|
0-0: Foul Ball, location: 2F 0-1: Swinging Strike 0-2: Foul Ball, location: 2F 0-2: Foul Ball, location: 2F 0-2: Hit by Pitch Bill Wilson to third Lorenzo Flores to second
|
Batting: SHB Javier Villegas
|
0-0: Ball 1-0: Ball 2-0: Ball 3-0: Called Strike 3-1: Base on Balls Bill Wilson scores Lorenzo Flores to third Stanley Mullins to second
|
Batting: LHB Doyle Otterburn
|
0-0: Ball 1-0: Ball 2-0: Fly out, F2 (Popup, 13S)
|
Batting: RHB Ronnie Brown
|
0-0: Ball 1-0: Called Strike 1-1: Foul Ball, location: 2F 1-2: Ball 2-2: Ball 3-2: Base on Balls Lorenzo Flores scores Stanley Mullins to third Javier Villegas to second
|
Batting: LHB Felipe Guerrero
|
0-0: Ball 1-0: Ball 2-0: Ball 3-0: SINGLE (Groundball, 6MD) Stanley Mullins scores Javier Villegas to third Ronnie Brown to second
|
Batting: LHB Tony Ramírez
|
0-0: Fielders Choice at 3rd, U5 (Groundball, 5L) Javier Villegas scores Felipe Guerrero to second
|
Batting: RHB Jesús Dávila
|
0-0: Swinging Strike 0-1: Ball 1-1: Fly out, F9 (Flyball, 89S)
|
Top of the 1st over - 4 run(s), 2 hit(s), 0 error(s), 2 left on base; Boston 4 - Irvine 0 |
BOTTOM OF THE 1ST |
Irvine Gang Green batting - Pitching for Boston Rebels : RHP Mark MacGruder
|
Pitching: RHP Mark MacGruder
|
|
Batting: LHB Tom Baker
|
0-0: Fly out, F7 (Flyball, 78D)
|
Batting: LHB Tony Tavárez
|
0-0: Called Strike 0-1: Ball 1-1: Called Strike 1-2: Ball 2-2: Ball 3-2: Foul Ball, location: 2F 3-2: Strikes out looking
|
Batting: LHB Víctor Quiñones
|
0-0: Swinging Strike 0-1: Foul Ball, location: 2F 0-2: Foul Ball, location: 2F 0-2: DOUBLE (Line Drive, 78M)
|
Batting: LHB Leonardo Medina
|
0-0: Ball 1-0: Swinging Strike 1-1: Called Strike 1-2: Fly out, F8 (Line Drive, 8RM)
|
Bottom of the 1st over - 0 run(s), 1 hit(s), 0 error(s), 1 left on base; Boston 4 - Irvine 0 |
TOP OF THE 2ND |
Boston Rebels batting - Pitching for Irvine Gang Green : RHP Armando Pérez
|
Batting: LHB Bill Wilson
|
0-0: Ball 1-0: Called Strike 1-1: Ball 2-1: Fly out, F7 (Flyball, 7S)
|
Batting: LHB Lorenzo Flores
|
0-0: Called Strike 0-1: Swinging Strike 0-2: Ball 1-2: Foul Ball, location: 2F 1-2: Ground out 4-3 (Groundball, 4)
|
Batting: LHB Stanley Mullins
|
0-0: Called Strike 0-1: Ball 1-1: Ball 2-1: Fly out, F4 (Line Drive, 4D)
|
Top of the 2nd over - 0 run(s), 0 hit(s), 0 error(s), 0 left on base; Boston 4 - Irvine 0 |
BOTTOM OF THE 2ND |
Irvine Gang Green batting - Pitching for Boston Rebels : RHP Mark MacGruder
|
Batting: RHB Aaron Wilson
|
0-0: Called Strike 0-1: SINGLE (Line Drive, 6MD)
|
Batting: SHB Cristo Ontiveros
|
0-0: Called Strike 0-1: Ball 1-1: Ball 2-1: SINGLE (Groundball, 4D) Aaron Wilson to second Runner from 2nd tries for 3rd, OUT!
|
Now in RF: Ricardo Brandariz
|
|
Batting: RHB Richard Coker
|
0-0: Foul Ball, location: 2F 0-1: Ball 1-1: Called Strike 1-2: Ball 2-2: Ball 3-2: Foul Ball, location: 2F 3-2: SINGLE (Groundball, 34D) Cristo Ontiveros to second Runner from 2nd tries for 3rd, SAFE, throw made to third
|
Batting: RHB Tom Doherty
|
0-0: Called Strike 0-1: Called Strike 0-2: Ball 1-2: Ball 2-2: Reached on error, E6 (Groundball, 6) Cristo Ontiveros scores Richard Coker to second
|
Batting: LHB Bill Murphy
|
0-0: Called Strike 0-1: Ball 1-1: Fly out, F8 (Line Drive, 8LS)
|
Batting: LHB Tom Baker
|
0-0: Ball 1-0: Called Strike 1-1: Ball 2-1: SINGLE (Line Drive, 9LM) Richard Coker to third Tom Doherty to second Runner from 3rd tries for Home, SAFE, no throw
|
Batting: LHB Tony Tavárez
|
0-0: Ball 1-0: Fielders Choice at 2nd, 4-6 (Groundball, 4)
|
Bottom of the 2nd over - 2 run(s), 4 hit(s), 1 error(s), 1 left on base; Boston 4 - Irvine 2 |
TOP OF THE 3RD |
Boston Rebels batting - Pitching for Irvine Gang Green : RHP Armando Pérez
|
Batting: SHB Javier Villegas
|
0-0: Called Strike 0-1: Swinging Strike 0-2: Strikes out looking
|
Batting: LHB Doyle Otterburn
|
0-0: Called Strike 0-1: Ball 1-1: Ball 2-1: Foul Ball, location: 2F 2-2: Foul Ball, location: 2F 2-2: Foul Ball, location: 2F 2-2: Ball 3-2: Strikes out looking
|
Batting: RHB Ronnie Brown
|
0-0: Ground out 5-3 (Groundball, 56S)
|
Top of the 3rd over - 0 run(s), 0 hit(s), 0 error(s), 0 left on base; Boston 4 - Irvine 2 |
BOTTOM OF THE 3RD |
Irvine Gang Green batting - Pitching for Boston Rebels : RHP Mark MacGruder
|
Batting: LHB Víctor Quiñones
|
0-0: Called Strike 0-1: Ground out 3-1 (Groundball, 34)
|
Batting: LHB Leonardo Medina
|
0-0: Foul Ball, location: 2F 0-1: Ball 1-1: Called Strike 1-2: DOUBLE (Line Drive, 9LD)
|
Batting: RHB Aaron Wilson
|
0-0: Swinging Strike 0-1: Fly out, F9 (Line Drive, 9S)
|
Batting: SHB Cristo Ontiveros
|
0-0: Called Strike 0-1: SINGLE (Groundball, 6D) Leonardo Medina to third Runner from 3rd tries for Home, SAFE, no throw
|
Batting: RHB Richard Coker
|
0-0: Ball 1-0: Called Strike 1-1: Hit by Pitch Cristo Ontiveros to second
|
Batting: RHB Tom Doherty
|
0-0: Ball 1-0: Foul Ball, location: 2F 1-1: Called Strike 1-2: Foul Ball, location: 2F 1-2: Ball 2-2: Ball 3-2: Base on Balls Cristo Ontiveros to third Richard Coker to second
|
Batting: LHB Bill Murphy
|
0-0: Ground out U3 (Groundball, 3)
|
Bottom of the 3rd over - 1 run(s), 2 hit(s), 0 error(s), 3 left on base; Boston 4 - Irvine 3 |
TOP OF THE 4TH |
Boston Rebels batting - Pitching for Irvine Gang Green : RHP Armando Pérez
|
Batting: LHB Felipe Guerrero
|
0-0: Ball 1-0: Ball 2-0: DOUBLE (Groundball, 5L)
|
Batting: LHB Tony Ramírez
|
0-0: Foul Ball, location: 2F 0-1: Called Strike 0-2: Ball 1-2: Strikes out swinging
|
Batting: RHB Jesús Dávila
|
0-0: Ball 1-0: Ball 2-0: Foul Ball, location: 2F 2-1: Foul Ball, location: 2F 2-2: Strikes out swinging
|
Batting: LHB Ricardo Brandariz
|
0-0: Called Strike 0-1: Ball 1-1: Ball 2-1: Ball 3-1: Base on Balls
|
Batting: LHB Lorenzo Flores
|
0-0: Foul Ball, location: 2F 0-1: Foul Ball, location: 2F 0-2: Ball 1-2: Fly out, F4 (Line Drive, 4)
|
Top of the 4th over - 0 run(s), 1 hit(s), 0 error(s), 2 left on base; Boston 4 - Irvine 3 |
BOTTOM OF THE 4TH |
Irvine Gang Green batting - Pitching for Boston Rebels : RHP Mark MacGruder
|
Batting: LHB Tom Baker
|
0-0: Ball 1-0: Foul Ball, location: 2F 1-1: SINGLE (Groundball, 4MD)
|
Batting: LHB Tony Tavárez
|
0-0: Ball 1-0: Ground out U3 (Groundball, 3S) Tom Baker to second
|
Batting: LHB Víctor Quiñones
|
0-0: Ball 1-0: Foul Ball, location: 2F 1-1: Swinging Strike 1-2: Strikes out swinging
|
Batting: LHB Leonardo Medina
|
0-0: Ball 1-0: Foul Ball, location: 2F 1-1: Foul Ball, location: 2F 1-2: Foul Ball, location: 2F 1-2: Fly out, F9 (Flyball, 89M)
|
Bottom of the 4th over - 0 run(s), 1 hit(s), 0 error(s), 1 left on base; Boston 4 - Irvine 3 |
TOP OF THE 5TH |
Boston Rebels batting - Pitching for Irvine Gang Green : RHP Armando Pérez
|
Pitching: LHP Yu-shu Kong
|
|
Batting: LHB Stanley Mullins
|
0-0: Ground out 4-3 (Groundball, 4S)
|
Batting: SHB Javier Villegas
|
0-0: Called Strike 0-1: Called Strike 0-2: Ball 1-2: Ball 2-2: Foul Ball, location: 2F 2-2: Foul Ball, location: 2F 2-2: Ball 3-2: Foul Ball, location: 2F 3-2: Strikes out swinging
|
Batting: LHB Doyle Otterburn
|
0-0: Ball 1-0: Ground out 4-3 (Groundball, 4)
|
Top of the 5th over - 0 run(s), 0 hit(s), 0 error(s), 0 left on base; Boston 4 - Irvine 3 |
BOTTOM OF THE 5TH |
Irvine Gang Green batting - Pitching for Boston Rebels : RHP Mark MacGruder
|
Pitching: LHP Yoshihiro Hasegawa
|
|
Batting: RHB Aaron Wilson
|
0-0: Ball 1-0: Fly out, F8 (Flyball, 89D)
|
Batting: SHB Cristo Ontiveros
|
0-0: Called Strike 0-1: Ball 1-1: Ground out 6-3 (Groundball, 6)
|
Batting: RHB Richard Coker
|
0-0: Ball 1-0: Ball 2-0: Called Strike 2-1: DOUBLE (Line Drive, 9)
|
Batting: RHB Tom Doherty
|
0-0: Called Strike 0-1: Foul Ball, location: 2F 0-2: Ball 1-2: Foul Ball, location: 2F 1-2: Foul Ball, location: 2F 1-2: Ball 2-2: Strikes out swinging
|
Bottom of the 5th over - 0 run(s), 1 hit(s), 0 error(s), 1 left on base; Boston 4 - Irvine 3 |
TOP OF THE 6TH |
Boston Rebels batting - Pitching for Irvine Gang Green : LHP Yu-shu Kong
|
Batting: RHB Ronnie Brown
|
0-0: Ground out 1-3 (Groundball, 13)
|
Batting: LHB Felipe Guerrero
|
0-0: Ball 1-0: Swinging Strike 1-1: Ball 2-1: Foul Ball, location: 2F 2-2: Strikes out swinging
|
Batting: LHB Tony Ramírez
|
0-0: Called Strike 0-1: Called Strike 0-2: Ball 1-2: Ball 2-2: Fly out, F7 (Flyball, 7)
|
Top of the 6th over - 0 run(s), 0 hit(s), 0 error(s), 0 left on base; Boston 4 - Irvine 3 |
BOTTOM OF THE 6TH |
Irvine Gang Green batting - Pitching for Boston Rebels : LHP Yoshihiro Hasegawa
|
Batting: LHB Bill Murphy
|
0-0: Ball 1-0: Swinging Strike 1-1: SOLO HOME RUN (Flyball, 89XD), Distance : 435 ft
|
Pinch Hitting: RHB Eichiro Yamamoto
|
0-0: Ball 1-0: Fly out, F9 (Line Drive, 9S)
|
Pinch Hitting: RHB José Salazar
|
0-0: Called Strike 0-1: Ball 1-1: Foul Ball, location: 2F 1-2: Ball 2-2: Foul Ball, location: 2F 2-2: Foul Ball, location: 2F 2-2: Foul Ball, location: 2F 2-2: Ball 3-2: SINGLE (Line Drive, 7S)
|
Pitching: RHP Ki-tong Shiu
|
|
Batting: LHB Víctor Quiñones
|
0-0: Swinging Strike 0-1: Foul Ball, location: 2F 0-2: Ball 1-2: Ball 2-2: Ball 3-2: Foul Ball, location: 2F 3-2: Base on Balls José Salazar to second
|
Batting: LHB Jesús Campos
|
0-0: Fielders Choice at 2nd, 3-6 (Groundball, 3) José Salazar to third
|
Pinch Hitting: RHB Manny Copriviza
|
0-0: Ball 1-0: 3-RUN HOME RUN (Flyball, 7D), Distance : 398 ft
|
Pitching: RHP Tony Rocha
|
|
Batting: SHB Cristo Ontiveros
|
0-0: Foul Ball, location: 2F 0-1: Ball 1-1: Swinging Strike 1-2: Ball 2-2: Ball 3-2: Foul Ball, location: 2F 3-2: Base on Balls
|
Pinch Hitting: LHB José Sánchez
|
0-0: Ball 1-0: Foul Ball, location: 2F 1-1: Foul Ball, location: 2F 1-2: Foul Ball, location: 2F 1-2: Foul Ball, location: 2F 1-2: Foul Ball, location: 2F 1-2: Foul Ball, location: 2F 1-2: Ball 2-2: Fielders Choice at 2nd, 4-6 (Groundball, 34)
|
Bottom of the 6th over - 4 run(s), 3 hit(s), 0 error(s), 0 left on base; Boston 4 - Irvine 7 |
TOP OF THE 7TH |
Boston Rebels batting - Pitching for Irvine Gang Green : LHP Yu-shu Kong
|
Now at 2B: José Sánchez
|
|
Now at 3B: José Salazar
|
|
Now in LF: Pepe González
|
|
Now in CF: Eichiro Yamamoto
|
|
Batting: RHB Jesús Dávila
|
0-0: Ball 1-0: Ball 2-0: Called Strike 2-1: Called Strike 2-2: Foul Ball, location: 2F 2-2: Ball 3-2: Strikes out swinging
|
Batting: LHB Ricardo Brandariz
|
0-0: Called Strike 0-1: Foul Ball, location: 2F 0-2: Strikes out swinging
|
Batting: RHB Gerardo Escobedo
|
0-0: Called Strike 0-1: Ball 1-1: Ground out 5-3 (Groundball, 2L)
|
Top of the 7th over - 0 run(s), 0 hit(s), 0 error(s), 0 left on base; Boston 4 - Irvine 7 |
BOTTOM OF THE 7TH |
Irvine Gang Green batting - Pitching for Boston Rebels : RHP Tony Rocha
|
Batting: RHB Tom Doherty
|
0-0: Ground out 3-1 (Groundball, 34)
|
Pinch Hitting: RHB Santo Cruz
|
0-0: Swinging Strike 0-1: Ball 1-1: Ball 2-1: Fly out, F8 (Line Drive, 78M)
|
Batting: RHB Eichiro Yamamoto
|
0-0: Ball 1-0: Foul Ball, location: 2F 1-1: Fly out, F9 (Flyball, 9LSF)
|
Bottom of the 7th over - 0 run(s), 0 hit(s), 0 error(s), 0 left on base; Boston 4 - Irvine 7 |
TOP OF THE 8TH |
Boston Rebels batting - Pitching for Irvine Gang Green : LHP Yu-shu Kong
|
Now at SS: Santo Cruz
|
|
Pinch Hitting: RHB Gabriel Villegas
|
0-0: Foul Ball, location: 2F 0-1: Ball 1-1: Called Strike 1-2: SINGLE (Groundball, 34D)
|
Pitching: RHP Joe Wilson
|
|
Pinch Hitting: LHB Manny Quiñones
|
0-0: Called Strike 0-1: Ball 1-1: Swinging Strike 1-2: Foul Ball, location: 2F 1-2: Ball 2-2: Foul Ball, location: 2F 2-2: Strikes out looking
|
Pinch Hitting: LHB Sergio Barrón
|
0-0: Called Strike 0-1: Foul Ball, location: 2F 0-2: Foul Ball, location: 2F 0-2: Foul Ball, location: 2F 0-2: Foul Ball, location: 2F 0-2: Fly out, F9 (Flyball, 9LM)
|
Batting: RHB Ronnie Brown
|
0-0: Foul Ball, location: 2F 0-1: Foul Ball, location: 2F 0-2: Ball 1-2: Strikes out swinging
|
Top of the 8th over - 0 run(s), 1 hit(s), 0 error(s), 1 left on base; Boston 4 - Irvine 7 |
BOTTOM OF THE 8TH |
Irvine Gang Green batting - Pitching for Boston Rebels : RHP Tony Rocha
|
Now at 1B: Manny Quiñones
|
|
Now at SS: Peter Sexton
|
|
Now in LF: Jeff Gordon
|
|
Batting: RHB José Salazar
|
0-0: Called Strike 0-1: Ball 1-1: Foul Ball, location: 2F 1-2: Ball 2-2: Foul Ball, location: 2F 2-2: Ball 3-2: Foul Ball, location: 2F 3-2: Base on Balls
|
Batting: LHB Víctor Quiñones
|
0-0: Called Strike 0-1: Called Strike 0-2: Ball 1-2: Foul Ball, location: 2F 1-2: Ball 2-2: Strikes out swinging
|
Batting: LHB Jesús Campos
|
0-0: Called Strike 0-1: Swinging Strike 0-2: Strikes out swinging
|
Pitching: RHP Carlos Ruíz
|
|
Batting: RHB Pepe González
|
0-0: Ball 1-0: DOUBLE (Groundball, 3L) José Salazar to third
|
Batting: SHB Cristo Ontiveros
|
0-0: Called Strike 0-1: Ground out 4-3 (Groundball, 34)
|
Bottom of the 8th over - 0 run(s), 1 hit(s), 0 error(s), 2 left on base; Boston 4 - Irvine 7 |
TOP OF THE 9TH |
Boston Rebels batting - Pitching for Irvine Gang Green : RHP Joe Wilson
|
Pitching: RHP Brandon Williams
|
|
Batting: LHB Felipe Guerrero
|
0-0: Swinging Strike 0-1: Foul Ball, location: 2F 0-2: Foul Ball, location: 2F 0-2: Ball 1-2: Strikes out looking
|
Pinch Hitting: LHB Lee Burton
|
0-0: Ball 1-0: Called Strike 1-1: Foul Ball, location: 2F 1-2: Strikes out swinging
|
Batting: RHB Jesús Dávila
|
0-0: Called Strike 0-1: Ball 1-1: Foul Ball, location: 2F 1-2: DOUBLE (Line Drive, 7LM)
|
Batting: LHB Ricardo Brandariz
|
0-0: Swinging Strike 0-1: Foul Ball, location: 2F 0-2: Ball 1-2: Ball 2-2: Ground out 5-3 (Groundball, 5)
|
Top of the 9th over - 0 run(s), 1 hit(s), 0 error(s), 1 left on base; Boston 4 - Irvine 7 |
|